 Dungeon Crawl Stone Soup version 0.28.0 (webtiles) character file.

Game seed: 1554489525670757613

23 RepoMan the Skirmisher (level 2, -1/24 HPs)
             Began as a Mummy Cinder Acolyte on Feb 16, 2022.
             Was a High Priest of Ignis.
             Slain by an adder (4 damage)
             ... on level 2 of the Dungeon.
             The game lasted 00:03:57 (784 turns).

RepoMan the Skirmisher (Mummy Cinder Acolyte)        Turns: 784, Time: 00:03:58

Health: -1/24      AC:  2    Str: 17    XL:     2   Next: 72%
Magic:  1/5        EV: 11    Int: 13    God:    Ignis [*****.]
Gold:   34         SH:  0    Dex:  7    Spells: 4/6 levels left

rFire   . . .      SeeInvis .   a - -1 spear (flame)
rCold   + . .      Faith    .   (no shield)
rNeg    + + +      Spirit   .   b - +0 robe
rPois   ∞          Reflect  .   (no helmet)
rElec   .          Harm     .   (no cloak)
rCorr   .          Rampage  .   (no gloves)
Will    .....                   (no boots)
Stlth   +.........              (no amulet)
HPRegen 0.08/turn               (no ring)
MPRegen 0.09/turn               (no ring)

@: very slightly contaminated
A: cold resistance 1, negative energy resistance 3, torment resistance 2, heat
vulnerability 1, no potions
a: Renounce Religion, Fiery Armour, Foxfire Swarm, Rising Flame


You were on level 2 of the Dungeon.
You worshipped Ignis.
Ignis was extremely pleased with you.
You visited 1 branch of the dungeon, and saw 2 of its levels.

You collected 34 gold pieces.

Inventory:

Hand Weapons
 a - a -1 spear of flaming (weapon)
Armour
 b - a +0 robe (worn)
 d - a +0 leather armour
Scrolls
 c - a scroll of enchant weapon {unknown}
 e - a scroll of identify {unknown}


   Skills:
 + Level 3.4 Fighting
 - Level 2.4 Polearms
 + Level 2.5 Spellcasting
 + Level 2.5 Fire Magic


You had 4 spell levels left.
You knew the following spells:

 Your Spells              Type           Power      Damage    Failure   Level
r - Scorch                Fire           16%        2d5       13%         2

Your spell library contained the following spells:

 Spells                   Type           Power      Damage    Failure   Level


Dungeon Overview and Level Annotations

Branches:
Dungeon (1/15)

Altars:


Innate Abilities, Weirdness & Mutations

You are immune to poison.
Your flesh is cold resistant. (rC+)
You are immune to negative energy. (rN+++)
You are immune to unholy pain and torment.
You are vulnerable to heat. (rF-)
You do not drink.


Message History

Flames lash the hobgoblin.
The hobgoblin is almost dead.
The hobgoblin's fire resistance burns away.
The hobgoblin hits you but does no damage.
Flames lash the hobgoblin.
The hobgoblin is burned terribly!
You kill the hobgoblin!
e - a scroll labelled VEOWAS BURCH An adder comes into view.
A goblin comes into view. It is wielding a +0 club.
The goblin shouts!
There is a stone staircase leading down here.
You miscast Scorch.
You are very lightly contaminated with residual magic.
Nothing appears to happen.
Reach: a) -1 spear (flame)
Press: ? - help, Dir - move target, f - adder
Aim: an adder (about 65% to evade your -1 spear of flaming)
You reach to attack!
You barely miss the adder. The adder bites you.
You hit the adder. You burn the adder.
The adder is severely wounded.
The adder bites you.
You miss the adder.
The adder is severely wounded.
The adder bites you.
You closely miss the adder.
The adder is severely wounded.
The adder bites you. The goblin hits you but does no damage.
The adder bites you but does no damage.
You miss the adder.
The adder is severely wounded.
The goblin hits you with a +0 club. The adder bites you.
* * * LOW HITPOINT WARNING * * *
Unknown command.
You closely miss the adder.
The adder is severely wounded.
The goblin hits you with a +0 club.
* * * LOW HITPOINT WARNING * * *
The adder bites you.
You die...

#...############
.....#.........#
...............#
...............#
...............#
.....>.......g.#
...........>.S@# #..
...........#####....#
..............S..#
.........>.##...##
>...#.....g####.....
...#....[...[ ....#
...........### ##.#
....#......# ..
...#......# .


You could see an adder and a goblin.

Vanquished Creatures
  A dart slug (D:1)
  An endoplasm (D:1)
  2 giant cockroaches (D:1)
  3 goblins (D:1)
  4 hobgoblins
  A quokka (D:1)
  2 ball pythons (D:1)
  A bat (D:1)
  A frilled lizard (D:1)
  A kobold (D:1)
  A rat (D:1)
18 creatures vanquished.

Notes
Turn   | Place    | Note
-------+----------+-------------------------------------------
     0 | D:1      | RepoMan the Mummy Cinder Acolyte began the quest for the
                  | Orb.
     0 | D:1      | Reached XP level 1. HP: 18/18 MP: 2/2
   368 | D:1      | Reached XP level 2. HP: 24/24 MP: 5/5
   371 | D:1      | Learned a level 2 spell: Scorch
   761 | D:1      | You fall into a shaft and drop 1 floor!
   784 | D:2      | Slain by an adder

Illustrated notes

Levels and vault maps discovered:
D:1:      amcnicky_arrival_wind_blow, layout_loops_ring,
          chequers_serial_rivers_small_b
D:2:      layout_rooms, dilly_ecumenical_altar_fadedgnrine

Skill      XL: |  1 |
---------------+----+-----
Spellcasting   | 2 |  2.5
Fighting       | |  3.4
Polearms       | |  2.4
Fire Magic     | |  2.5

Action                   || total
-------------------------++-------
Melee: Spear             ||    39
 Cast: Scorch            ||    12
Armor: Robe              ||     7
Dodge: Dodged            ||    11
